 Dungeon Sprint DCSS version 0.28-a0-1236-gb25a51b929 (webtiles) character file.

Game seed: 8452373068751091617

25 rocky1 the Poker (level 2, -4/25 HPs)
             Began as a Minotaur Gladiator on Dec 26, 2021.
             Was an Initiate of Okawaru.
             Slain by a scorpion (5 damage)
             ... in the Dungeon (Sprint VII: "The Pits").
             The game lasted 00:03:29 (708 turns).

rocky1 the Poker (Minotaur Gladiator)                Turns: 708, Time: 00:03:30

Health: -4/25      AC:  3    Str: 18    XL:     2   Next: 82%
Magic:  1/1        EV: 12    Int:  5    God:    Okawaru [......]
Gold:   0          SH:  0    Dex: 11    Spells: 1/1 levels left

rFire   . . .      SeeInvis .   m - +2 trident
rCold   . . .      Faith    .   (no shield)
rNeg    . . .      Spirit   .   b - +0 leather armour
rPois   .          Reflect  .   c - +0 hat
rElec   .          Harm     .   (no cloak)
rCorr   .          Rampage  .   (no gloves)
Will    .....      NoTele   +   (no boots)
Stlth   +.........              (no amulet)
HPRegen 0.08/turn               (no ring)
MPRegen 0.07/turn               (no ring)

@: lethally poisoned (-4 -> -10)
A: horns 2, retaliatory headbutt
a: Renounce Religion


You were in the Dungeon.
You worshipped Okawaru.
Okawaru was noncommittal.
You visited 1 branch

Inventory:

Hand Weapons
 a - a +0 trident
 m - a +2 trident (weapon)
Missiles
 d - 3 throwing nets (quivered)
Armour
 b - a +0 leather armour (worn)
 c - a +0 hat (worn)
Scrolls
 j - a scroll of blinking
 l - 5 scrolls of amnesia
Potions
 e - a potion of curing
 g - a potion of haste
 h - 4 potions of magic
 i - 3 potions of berserk rage
 k - 2 potions of invisibility


   Skills:
 - Level 2.4 Fighting
 + Level 7.8 Polearms
 - Level 2.0 Throwing
 - Level 3.2 Dodging


You had one spell level left.
You didn't know any spells.
Your spell library was empty.

Dungeon Overview and Level Annotations

Branches:
Dungeon (1/1)

Altars:
Ashenzari
Cheibriados
Dithmenos
Elyvilon
Fedhas
Gozag
Hepliaklqana
Kikubaaqudgha
Makhleb
Nemelex Xobeh
Okawaru
Qazlal
Ru
Sif Muna
Trog
Uskayaw
Vehumet
Wu Jian
Xom
Yredelemnul
Zin
The Shining One
Beogh
Jiyva
Lugonu


Innate Abilities, Weirdness & Mutations

You have a pair of horns on your head.
You reflexively headbutt those who attack you in melee.


Message History

There is an open door here.
You see here a river rat corpse.
There is an open door, spattered with blood here.
Things that are here:
a +0 spear; a gnoll skeleton You hit the rat.
You kill the rat!
Okawaru accepts your kill.
You close the door, pushing everything out of the way.
You start resting.
HP restored.
Unknown command.
You open the door.
There is an open door, spattered with blood here.
There is an open door here.
You see here a river rat skeleton.
You reach to attack!
You hit the scorpion.
The scorpion is moderately wounded.
You completely miss the scorpion. Your headbutt misses the scorpion.
The scorpion is moderately wounded.
The scorpion stings you!
You hit the scorpion.
The scorpion is heavily wounded.
The scorpion stings you.
You are poisoned.
The scorpion poisons you!
You hit the scorpion.
The scorpion is heavily wounded.
You feel very sick. The scorpion barely misses you.
You are too injured to fight recklessly!
You hit the scorpion. Your headbutt misses the scorpion.
The scorpion is almost dead.
You feel sick. The scorpion stings you!
* * * LOW HITPOINT WARNING * * *
You barely miss the scorpion.
The scorpion is almost dead.
* * * LOW HITPOINT WARNING * * *
You feel sick. The scorpion stings you.
You die...

##########.##.........
#...........÷.........
#+#####)#####......#..
#...#.# #.........
#..)#.# ####'#####
#...'.# #.......#
##÷#### #.......#
#.....# #.......#
#..@s.# #...<...#
#........##.......#
#........##.......#
###########.......#
#########


You could see a scorpion.

Vanquished Creatures
  A gnoll (D)
  A river rat (D)
  A bat skeleton (D)
  A goblin (D)
  A frilled lizard (D)
  A giant cockroach zombie (D)
  2 rats (D)
8 creatures vanquished.

Notes
Turn   | Place    | Note
-------+----------+-------------------------------------------
     0 | D        | rocky1 the Minotaur Gladiator began the quest for the Orb.
     0 | D        | Reached XP level 1. HP: 18/18 MP: 0/0
    18 | D        | Reached skill level 4 in Polearms
   168 | D        | Found a bloodstained altar of Trog.
   168 | D        | Found a shimmering blue altar of Sif Muna.
   168 | D        | Found a viscous altar of Jiyva.
   168 | D        | Found a hazy altar of Hepliaklqana.
   168 | D        | Found an opulent altar of Gozag.
   169 | D        | Found a glowing golden altar of the Shining One.
   169 | D        | Found a glowing silver altar of Zin.
   169 | D        | Found a basalt altar of Yredelemnul.
   169 | D        | Found a shimmering altar of Xom.
   169 | D        | Found an ornate altar of the Wu Jian Council.
   169 | D        | Found a sacrificial altar of Ru.
   169 | D        | Found a stormy altar of Qazlal.
   169 | D        | Found an iron altar of Okawaru.
   169 | D        | Found a sparkling altar of Nemelex Xobeh.
   169 | D        | Found a burning altar of Makhleb.
   169 | D        | Found a blossoming altar of Fedhas.
   169 | D        | Found a white marble altar of Elyvilon.
   169 | D        | Found a shadowy altar of Dithmenos.
   169 | D        | Found a snail-covered altar of Cheibriados.
   172 | D        | Found a corrupted altar of Lugonu.
   172 | D        | Found a radiant altar of Vehumet.
   173 | D        | Found an ancient bone altar of Kikubaaqudgha.
   173 | D        | Found a hide-covered altar of Uskayaw.
   173 | D        | Found a broken altar of Ashenzari.
   177 | D        | Became a worshipper of Warmaster Okawaru
   223 | D        | Reached skill level 5 in Polearms
   241 | D        | Reached skill level 6 in Polearms
   241 | D        | Reached XP level 2. HP: 7/25 MP: 1/1
   475 | D        | Reached skill level 7 in Polearms
   476 | D        | Noticed a scorpion
   708 | D        | HP: 1/25 [poisoned by a scorpion]
   708 | D        | Slain by a scorpion

Illustrated notes

Levels and vault maps discovered:
D:        pitsprint [storerooms_1, entrance_room_1, metal_vault_1, armoury_1,
          mini_pit_1, grid_room_1, main_hall_1, silver_pit, the_coven_3,
          the_vestibule_1, steel_vault_4, golden_pit, hallway_of_sentries,
          crystal_vault_3, iron_vault_2, final_vault]

Skill      XL: |  1  2 |
---------------+-------+-----
Polearms       | 6 7 |  7.8
Fighting       | |  2.4
Throwing       | |  2.0
Dodging        | |  3.2

Action                   || total
-------------------------++-------
Melee: Trident           ||    38
       Headbutt          ||     2
  Use: Potion            ||     1
Armor: Leather armour    ||     7
Dodge: Dodged            ||    13

Table legend: (Time is in decaauts)
 A = Elapsed time spent in this place.
 B = Non-inter-level travel time spent in this place.
 C = Inter-level travel time spent in this place.
 D = Time resting spent in this place.
 E = Time spent auto-exploring this place.
 F = Levels seen in this place.
 G = Mean time per level.
                   A        B        C        D        E       F      G
               +--------+--------+--------+--------+--------+-----+--------+
         Total |    707 |    707 |      0 |    575 |      0 |   1 |  707.0 |
       Dungeon |    707 |    707 |      0 |    575 |      0 |   1 |  707.0 |
               +--------+--------+--------+--------+--------+-----+--------+

Top non-repeatable levels by time:
       D: 707 daAuts
